 Dungeon Crawl Stone Soup version 0.22-a0-833-g8522bf8125 (webtiles) character file.

79 Htamos the Ducker (level 3, -1/29 HPs)
             Began as a Demigod Gladiator on July 25, 2018.
             Slain by Natasha (6 damage)
             ... on level 2 of the Dungeon.
             The game lasted 00:02:00 (2191 turns).

Htamos the Ducker (Demigod Gladiator)               Turns: 2191, Time: 00:02:01

Health: -1/29      AC:  4    Str: 17    XL:     3   Next: 95%
Magic:  5/5        EV: 14    Int: 12    God:
Gold:   100        SH:  0    Dex: 19    Spells: 2/2 levels left

rFire    . . .     SeeInvis .   a - +0 flail
rCold    . . .     Gourm    .   (no shield)
rNeg     . . .     Faith    .   b - +0 leather armour
rPois    .         Spirit   .   c - +0 helmet
rElec    .         Reflect  .   (no cloak)
rCorr    .         Harm     .   (no gloves)
MR       .....                  (no boots)
Stlth    +.........             (no amulet)
HPRegen  0.09/turn              (no ring)
MPRegen  0.09/turn              (no ring)

@: slowed, very slow
A: high mp 1
a: no special abilities


You were on level 2 of the Dungeon.
You were not hungry.

You visited 1 branch of the dungeon, and saw 2 of its levels.

You collected 100 gold pieces.

Inventory:

Hand Weapons
 a - a +0 flail (weapon)
Missiles
 d - 3 throwing nets (quivered)
Armour
 b - a +0 leather armour (worn)
 c - a +0 helmet (worn)
Jewellery
 o - a cursed ring of teleportation {unknown}
 t - an uncursed ring of flight {unknown}
Scrolls
 e - 3 scrolls of identify {unknown}
 i - a scroll of fog {unknown}
 j - 3 scrolls of teleportation {unknown}
 p - a scroll of enchant armour {unknown}
 q - a scroll of blinking {unknown}
 v - a scroll of noise {unknown}
 x - a scroll of remove curse {unknown}
 y - a scroll of random uselessness {unknown}
Potions
 h - a potion of berserk rage {unknown}
 k - 4 potions of heal wounds {unknown}
 l - a potion of mutation {unknown}
 m - 2 potions of haste {unknown}
 n - a potion of lignification {unknown}
 r - 2 potions of flight {unknown}
 s - a potion of curing
 u - a potion of might {unknown}
 w - a potion of magic {unknown}
Comestibles
 f - 6 rations


   Skills:
 - Level 1.9 Fighting
 + Level 2.8 Maces & Flails
 - Level 1.9 Throwing
 * Level 4.3 Dodging


You had 2 spell levels left.
You didn't know any spells.
Your spell library was empty.

Dungeon Overview and Level Annotations

Branches:
Dungeon (2/15)

Annotations:
D:2 Natasha


Innate Abilities, Weirdness & Mutations

You have an increased reservoir of magic. (+10% MP)


Message History

You feel yourself slow down.
You hit Natasha but do no damage.
Natasha is severely wounded.
The shadow imp barely misses you. Natasha claws you. The shadow imp misses you.
Natasha completely misses you.
You hit Natasha.
Natasha is almost dead.
The shadow imp barely misses you. Natasha casts a spell at you.
The magic dart hits you!
* * * LOW HITPOINT WARNING * * *
The shadow imp completely misses you. Natasha closely misses you.
You completely miss Natasha.
Natasha is almost dead.
The shadow imp closely misses you.
Natasha stares at you and mumbles some strange words.
The magic dart hits you!
* * * LOW HITPOINT WARNING * * *
The shadow imp closely misses you. Natasha claws you.
You die...

# #.....# #
#.###.# #
#.###.### #
#.##....#
###.......#
.....#....#
###.......########
##.............5.#
###.......######@#
# ##.###### *#h#*
#.# **...** #.#
**.....** **'#*
*.......* **,,,**
##.....##*
**,,,,,**
#......,*
*,,,,,,,**
*#.#.###.*
,,,,,,,,,****,,,,*
*,*


You could see Natasha and a shadow imp.

Vanquished Creatures
  Natasha (D:2)
  An adder (D:2)
  A worm (D:2)
  3 dart slugs (D:1)
  An orc (D:2)
  2 giant cockroaches (D:2)
  3 hobgoblins
  A quokka (D:2)
  A ball python (D:1)
  3 bats
  3 frilled lizards
  2 goblins (D:1)
  10 kobolds
  7 rats
39 creatures vanquished.

Notes
Turn   | Place    | Note
-------+----------+-------------------------------------------
     0 | D:1      | Htamos the Demigod Gladiator began the quest for the Orb.
     0 | D:1      | Reached XP level 1. HP: 17/17 MP: 3/3
   415 | D:1      | Reached skill level 3 in Dodging
   415 | D:1      | Reached XP level 2. HP: 24/24 MP: 4/4
   936 | D:1      | You fall through a shaft!
  1227 | D:2      | Reached XP level 3. HP: 29/29 MP: 5/5
  1732 | D:2      | Noticed Natasha
  1745 | D:2      | Killed Natasha
  1745 | D:2      | Reached skill level 4 in Dodging
  2182 | D:2      | Noticed Natasha
  2191 | D:2      | Slain by Natasha

Vault maps used:
D:1:      minmay_arrival_plants_in_alcoves
D:2:      corexii_shack, uniq_natasha

Skill      XL: |  1  2  3 |
---------------+----------+-----
Dodging        | 3 4 |  4.3
Fighting       | |  1.9
Maces & Flails | |  2.8
Throwing       | |  1.9

Action                   || total
-------------------------++-------
Melee: Flail             ||   122
 Stab: Sleeping          ||     4
       Distracted        ||     2
  Eat: Chunk             ||     4
Armor: Leather armour    ||    31
Dodge: Dodged            ||    96

Table legend:
 A = Spawn XP
 B = Non-spawn XP
 C = Spawn XP percentage of total XP
 D = Spawn monster count
 E = Non-spawn monster count
 F = Spawn count percentage of total count
 G = Total turns spent on level
                    A         B        C        D         E        F      G
               +---------+---------+-------+---------+---------+-------+---------
         Total |       0 |     113 |   0.0 |       0 |      39 |   0.0 |  2191
               +---------+---------+-------+---------+---------+-------+---------
           D:1 |       0 |      34 |   0.0 |       0 |      21 |   0.0 |   936
           D:2 |       0 |      79 |   0.0 |       0 |      18 |   0.0 |  1255
               +---------+---------+-------+---------+---------+-------+---------
